 Dungeon Crawl Stone Soup version 0.20.1-1-g8b1a95d66d (webtiles) character file.

697 Ivernyr the Ogre Mage (level 7, 0/71 HPs)
             Began as an Ogre Ice Elementalist on Dec 3, 2017.
             Slain by Grinder (8 damage)
             ... on level 4 of the Dungeon.
             The game lasted 01:19:10 (7011 turns).

Ivernyr the Ogre Mage (Ogre Ice Elementalist)       Turns: 7011, Time: 01:19:10

Health: 0/71       AC:  3    Str: 13    XL:     7   Next: 65%
Magic:  13/25      EV: 10    Int: 18    God:
Gold:   139        SH:  0    Dex:  9    Spells: 12/18 levels left

rFire    . . .     SeeInvis .   s - +3 whip
rCold    . . .     Gourm    .   (no shield)
rNeg     . . .     Faith    .   a - +0 robe
rPois    .         Spirit   .   (helmet restricted)
rElec    .         Reflect  .   (no cloak)
rCorr    .         Harm     .   (gloves unavailable)
MR       .....                  (boots unavailable)
Stlth    +.........             (no amulet)
Regen    0.3/turn               m - ring of magical power
MPRegen  0.2/turn               (no ring)

@: lethally poisoned (0 -> -10)
A: unfitting armour, tough skin 1
a: no special abilities


You were on level 4 of the Dungeon.
You were hungry.

You visited 1 branch of the dungeon, and saw 4 of its levels.

You collected 139 gold pieces.

Inventory:

Hand Weapons
 s - a +3 whip (weapon)
Missiles
 o - 19 poisoned needles
Armour
 a - a +0 robe (worn)
Jewellery
 m - a ring of magical power (left hand)
Wands
 k - a wand of disintegration (6/24)
 v - a wand of random effects (18/48)
 w - a wand of iceblast (11/15)
Scrolls
 e - 2 scrolls of remove curse {unknown}
 g - 4 scrolls of identify {unknown}
 h - a scroll of recharging {unknown}
 n - a scroll of noise {unknown}
 p - a scroll of immolation {unknown}
 r - a scroll of amnesia {unknown}
 y - a scroll of fear {unknown}
Potions
 i - 3 potions of agility {unknown}
 j - 3 potions of lignification {unknown}
 l - a potion of mutation {unknown}
 q - a potion of ambrosia {unknown}
 t - a potion of might {unknown}
 x - a potion of brilliance {unknown}
Books
 b - a book of Frost

   Spells                             Type                      Level
   a - Freeze                         Ice                          1
   b - Throw Frost                    Conjuration/Ice              2
   c - Ozocubu's Armour               Charms/Ice                   3
   d - Throw Icicle                   Conjuration/Ice              4
   e - Summon Ice Beast               Ice/Summoning                4
Comestibles
 c - 4 bread rations
 d - 3 meat rations
 f - 2 royal jellies
 u - 2 fruits


   Skills:
 + Level 4.8 Fighting
 - Level 2.0 Dodging
 - Level 1.4 Stealth
 * Level 6.3 Spellcasting
 - Level 0.8 Conjurations
 * Level 5.0 Ice Magic


You had 12 spell levels left.
You knew the following spells:

 Your Spells              Type           Power        Failure   Level  Hunger
a - Freeze                Ice            ###.         1%          1    None
b - Ozocubu's Armour      Chrm/Ice       ##......     12%         3    ##.....
c - Throw Frost           Conj/Ice       ###...       5%          2    None


Dungeon Overview and Level Annotations

Branches:
Dungeon (4/15)
 Temple: D:4-7

Altars:
Elyvilon
Nemelex Xobeh
Uskayaw

Annotations:
D:3 Kuruc's ghost, amateur CeHu
D:4 Grinder


Innate Abilities, Weirdness & Mutations

You are too large for most types of armour.
You have tough skin. (AC +1)


Message History

Confirm with . or Enter, or press ? or * to list all spells.
Aiming: Throw Frost
Press: ? - help, Shift-Dir - straight line, f/p - Grinder
Aim: Grinder (lightly wounded)
The puff of frost hits Grinder.
Grinder completely resists.
Grinder is lightly wounded.
* * * LOW HITPOINT WARNING * * *
You feel sick. Grinder gestures at you. You resist with some effort.
Casting: Throw Frost
Confirm with . or Enter, or press ? or * to list all spells.
Aiming: Freeze
Press: ? - help, Shift-Dir - straight line, f/p - Grinder
Aim: Grinder (lightly wounded)
You freeze Grinder.
Grinder resists.
Grinder is lightly wounded.
* * * LOW HITPOINT WARNING * * *
You feel sick. Grinder hits you!
You die...

.................................
#####.######################...##
.......<...................#...##
....#...............######.#...##
....#..##...........# #[[.....
....#..##.......[.[.# #.....##
....#..##.....##s#########..#....
....#..##.....##5#...............
....#..##.....##@#.#######.#)####
#####..###.#..##.#.####..........
#..5...#..##.#.##.....###.###
#.######.o##....'............
#...........#..#.##...######.##
#.#.####### #..#.#####.......#.
#.#.# ....#.# #......... # #+#
#.#.##.#####......#.. #.#.
#.#.............


You could see Grinder and a scorpion.

Vanquished Creatures
  Duvessa (D:4)
  Dowan (D:4)
  A scorpion (D:4)
  3 jellies (D:3)
  An orc priest (D:4)
  An orc wizard (D:4)
  Ijyb (D:4)
  An iguana (D:4)
  A worker ant zombie (D:4)
  7 gnolls
  4 adders
  12 oozes
  4 dart slugs
  2 leopard geckos (D:2)
  9 orcs
  8 bats
  2 giant cockroaches
  7 goblins
  12 hobgoblins
  8 jackals
  2 quokkas (D:3)
  3 ball pythons
  3 frilled lizards
  22 kobolds
  10 rats
126 creatures vanquished.

Vanquished Creatures (others)
  A quokka (D:2)
  2 fungi (D:3)
  7 toadstools (D:3)
10 creatures vanquished.

Grand Total: 136 creatures vanquished

Notes
Turn   | Place    | Note
-------+----------+-------------------------------------------
     0 | D:1      | Ivernyr the Ogre Ice Elementalist began the quest for the Orb.
     0 | D:1      | Reached XP level 1. HP: 16/16 MP: 3/3
   199 | D:1      | Reached XP level 2. HP: 26/26 MP: 3/5
   340 | D:1      | Reached skill level 1 in Fighting
   706 | D:1      | Reached skill level 3 in Spellcasting
   915 | D:1      | Reached XP level 3. HP: 33/33 MP: 4/7
  1052 | D:1      | Learned a level 3 spell: Ozocubu's Armour
  1502 | D:2      | Found a white marble altar of Elyvilon.
  1519 | D:2      | Reached XP level 4. HP: 35/42 MP: 5/9
  2024 | D:2      | Reached skill level 4 in Spellcasting
  2284 | D:2      | Learned a level 2 spell: Throw Frost
  2711 | D:3      | Noticed Kuruc's ghost (amateur CeHu)
  2865 | D:2      | Reached XP level 5. HP: 50/50 MP: 11/11
  2958 | D:3      | Found a hide-covered altar of Uskayaw.
  3810 | D:3      | Reached XP level 6. HP: 33/62 MP: 3/13
  4039 | D:3      | Reached skill level 5 in Spellcasting
  5131 | D:4      | Noticed Grinder
  5515 | D:4      | Noticed Duvessa
  5520 | D:4      | Noticed Dowan
  5527 | D:4      | Killed Duvessa
  5536 | D:4      | Killed Dowan
  5536 | D:4      | Reached XP level 7. HP: 66/71 MP: 4/15
  5837 | D:4      | Paralysed by Grinder for 7 turns
  5873 | D:4      | Paralysed by Grinder for 2 turns
  5898 | D:4      | Paralysed by Grinder for 7 turns
  6140 | D:4      | Found a sparkling altar of Nemelex Xobeh.
  6208 | D:4      | Reached skill level 6 in Spellcasting
  6460 | D:4      | Noticed Ijyb
  6478 | D:4      | Killed Ijyb
  6886 | D:4      | Paralysed by Grinder for 5 turns
  7007 | D:4      | Reached skill level 5 in Ice Magic
  7011 | D:4      | Slain by Grinder

Skill      XL: |  1  2  3  4  5  6  7 |
---------------+----------------------+-----
Dodging        | 2 |  2.0
Fighting       | 1 2 3 4 |  4.8
Spellcasting   | 3 4 5 6 |  6.3
Ice Magic      | 3 4 5 |  5.0
Stealth        | |  1.4
Conjurations   | |  0.8

Action                   |  1- 3 |  4- 6 |  7- 9 || total
-------------------------+-------+-------+-------++-------
Melee: Unarmed           |    24 |     3 |       ||    27
       Whip              |       |    21 |    36 ||    57
 Cast: Freeze            |    51 |   111 |    72 ||   234
       Throw Frost       |       |    42 |     3 ||    45
       Ozocubu's Armour  |       |     9 |     8 ||    17
  Use: Potion            |       |       |     5 ||     5
  Eat: Chunk             |     1 |     9 |     5 ||    15
       Meat ration       |       |     1 |       ||     1
Armor: Robe              |    24 |    33 |    24 ||    81
Dodge: Dodged            |    42 |    61 |    39 ||   142
